 Dungeon Crawl Stone Soup version 0.29.1-1-gd02db6906a (webtiles) character file.

Game seed: 12638771690488914556

17450 jimonade the Marksant (level 12, -1/70 HPs)
             Began as a Formicid Hunter on Sept 18, 2022.
             Was a Priest of Hepliaklqana.
             Slain by a wyvern (9 damage)
             ... on level 3 of the Lair of Beasts.
             The game lasted 00:32:39 (11709 turns).

jimonade the Marksant (Formicid Hunter)            Turns: 11709, Time: 00:32:39

Health: -1/70      AC: 14    Str: 18    XL:     12   Next: 82%
Magic:  12/12      EV: 18    Int:  8    God:    Hepliaklqana [***...]
Gold:   617        SH: 12    Dex: 21    Spells: 11/11 levels left

rFire   . . .      SeeInvis +   a - +1 arbalest (vorpal)
rCold   . . .      Faith    +   U - +0 kite shield
rNeg    + . .      Spirit   .   d - +3 ring mail {rN+}
rPois   .          Reflect  .   (helmet unavailable)
rElec   .          Harm     .   P - +1 cloak
rCorr   .          Rampage  .   I - +0 pair of gloves
Will    +....                   y - +2 pair of boots
Stlth   +.........              K - amulet of faith
HPRegen 0.21/turn               x - +4 ring of evasion
MPRegen 0.13/turn               F - +4 ring of evasion

@: frozen, very slow
A: reduced essence, permanent stasis, dig shafts and tunnels, antennae 3, four
strong arms
a: Dig, Shaft Self, Renounce Religion, Recall Ancestor, Ancestor Identity,
Transference


You were on level 3 of the Lair of Beasts.
You worshipped Hepliaklqana.
Hepliaklqana was most pleased with you.
You visited 3 branches of the dungeon, and saw 13 of its levels.
You also visited: Sewer and Bailey.

You collected 617 gold pieces.

Inventory:

Hand Weapons
 a - a +1 vorpal arbalest (weapon)
 b - a +2 dagger of venom
 o - a +0 shortbow
Missiles
 v - 4 atropa-tipped darts
 D - 2 throwing nets
Armour
 c - a +0 leather armour
 d - a +3 ring mail of positive energy (worn)
 w - a +1 robe of fire resistance
 y - a +2 pair of boots (worn)
 C - a +0 plate armour
 I - a +0 pair of gloves (worn)
 N - a +0 cloak
 P - a +1 cloak (worn)
 S - +0 steam dragon scales
 U - a +0 kite shield (worn)
Jewellery
 g - a ring of ice
 x - a +4 ring of evasion (left hand)
 F - a +4 ring of evasion (right hand)
 K - an amulet of faith (around neck)
 Q - an amulet of reflection
 Y - a ring of ice
 Z - a ring of wizardry
Wands
 k - a wand of flame (7)
 A - a wand of light (3)
 R - a wand of paralysis (10)
 W - a wand of polymorph (6)
 X - a wand of mindburst (6)
Scrolls
 i - 3 scrolls of fear
 l - 9 scrolls of identify
 q - a scroll of magic mapping
 t - a scroll of enchant armour
 E - 3 scrolls of brand weapon
 H - 5 scrolls of amnesia
 L - 3 scrolls of poison
Potions
 f - 4 potions of might
 h - 6 potions of curing
 j - 2 potions of flight {unknown}
 m - 4 potions of brilliance {unknown}
 n - a potion of magic {unknown}
 p - 2 potions of lignification {unknown}
 r - 2 potions of invisibility {unknown}
 s - 4 potions of haste {unknown}
 u - 2 potions of cancellation {unknown}
 z - a potion of heal wounds {unknown}
 B - a potion of mutation {unknown}
 O - a potion of attraction {unknown}
 V - a potion of degeneration {unknown}
Miscellaneous
 e - a condenser vane (inert)
 T - a lightning rod (3/4)


   Skills:
 - Level 2.1 Fighting
 - Level 18.0 Ranged Weapons
 - Level 1.7 Armour
 - Level 1.7 Dodging
 - Level 1.2 Stealth
 * Level 7.6 Shields
 * Level 7.3 Evocations


You had 11 spell levels left.
You didn't know any spells.
Your spell library contained the following spells:

 Spells                   Type           Power      Damage    Failure   Level
 Sandblast                Erth           0%         2d4       83%         1
 Passwall                 Tmut/Erth      0%         N/A       93%         2
 Stone Arrow              Conj/Erth      0%         3d7       99%         3
 Anguish                  Hex/Necr       0%         N/A       100%        4
 Dispel Undead            Necr           0%         3d6       100%        4
 Petrify                  Tmut/Erth      0%         N/A       100%        4
 Freezing Cloud           Conj/Ice/Air   0%         6-21      100%        5
 Metabolic Englaciation   Hex/Ice        0%         N/A       100%        5
 Simulacrum               Ice/Necr       0%         N/A       100%        6
 Statue Form              Tmut/Erth      0%         N/A       100%        6
 Necromutation            Tmut/Necr      0%         N/A       100%        8
 Polar Vortex             Ice            0%         N/A       100%        9


Dungeon Overview and Level Annotations

Branches:
Dungeon (9/15)             Temple (1/1) D:7            Lair (3/5) D:8
  Snake (0/4) Lair:2          Orc (0/2) D:9           Sewer (visited)
 Bailey (visited)
  Swamp: Lair:2-3    Shoals: Lair:2-3

Altars:
Ashenzari
Cheibriados
Dithmenos
Elyvilon
Fedhas
Gozag
Hepliaklqana
Kikubaaqudgha
Makhleb
Nemelex Xobeh
Okawaru
Qazlal
Ru
Sif Muna
Trog
Uskayaw
Vehumet
Wu Jian
Xom
Yredelemnul
Zin
The Shining One

Shops:
D:2 (   D:6 (   D:7 =


Innate Abilities, Weirdness & Mutations

Your life essence is reduced to manifest your ancestor. (-10% HP)
You cannot be hasted, slowed, berserked, paralysed or teleported.
You can dig through walls and to a lower floor.
You have a pair of large antennae on your head. (SInv)
Your four strong arms can wield two-handed weapons with a shield.


Message History

The flash freeze hits you!!
You are encased in ice.
The rime drake bites you but does no damage.
The hell rat bites you!
The rime drake bites you but does no damage. x2
The hell rat bites you but does no damage.
The rime drake bites you. x2
The hell rat bites you!
* * * LOW HITPOINT WARNING * * *
The rime drake bites you but does no damage. x2
The hell rat bites you but does no damage.
The rime drake bites you but does no damage.
The rime drake bites you.
* * * LOW HITPOINT WARNING * * *
The hell rat bites you but does no damage.
The ice encasing you melts away.
The rime drake bites you but does no damage. x2
The hell rat bites you but does no damage.
The rime drake bites you but does no damage.
The rime drake breathes ice at you. The flash freeze hits you!
* * * LOW HITPOINT WARNING * * *
You are encased in ice.
The hell rat bites you.
* * * LOW HITPOINT WARNING * * *
The rime drake bites you but does no damage.
The rime drake bites you.
* * * LOW HITPOINT WARNING * * *
The hell rat bites you.
* * * LOW HITPOINT WARNING * * *
The rime drake bites you but does no damage. x2
You turn to flesh and can move again.
The rime drake attacks as you move away!
The rime drake misses you. The rime drake barely misses you.
You block the hell rat's attack.
The rime drake attacks as you move away!
The rime drake bites you but does no damage. x2
You block the rime drake's attack. The rime drake completely misses you.
The wyvern attacks as you move away! The wyvern bites you!
You die...

.....# #..#.# .....#
##...## ## .....# #...##
#.. .....# ##...##.##.
.....### ##...#......
.......########....#......
.......#..$...#...........
......##......##..........
......##....{{##@..#......
.....#.#....k{#kkl>.......
....>###....llrr..........
.....##########†..........
......# ##..........
###.### #.......... ...##
......... ...### #...#.##.
.....# ......#


You could see 2 rime drakes, 2 wyverns and 2 hell rats.

Vanquished Creatures
  A hydra (Lair:3)
  A two-headed ogre (D:9)
  2 cane toads
  5 komodo dragons
  3 rime drakes
  A polar bear (Lair:1)
  A troll (D:8)
  A hornet (D:9)
  12 blink frogs (Lair:3)
  2 wyverns
  Sigmund (D:4)
  15 yaks
  3 steam dragons
  6 basilisks
  4 wargs (D:9)
  A hell hound (Lair:3)
  2 water moccasins (Lair:1)
  6 sky beasts
  An ice beast (D:6)
  4 orc warriors
  A black bear (D:7)
  4 wolves (D:8)
  An ogre (D:6)
  6 kobold brigands
  A phantom (D:5)
  6 bullfrogs
  2 necrophages
  5 scorpions
  8 wights
  9 killer bees
  2 howler monkeys (D:8)
  3 electric eels (D:8)
  A hexer (Lair:3)
  6 hounds
  3 jellies
  A gnoll bouda (D:7)
  5 orc priests
  Jessica (D:2)
  Natasha (thrice) (D:2)
  2 iguanas
  6 orc wizards
  3 hell rats (Lair:3)
  13 gnolls
  10 adders
  4 river rats (Sewer)
  3 shadow imps
  2 white imps
  An ufetubus (D:7)
  3 worms
  A dart slug (D:2)
  34 orcs
  8 bats
  10 endoplasms
  8 giant cockroaches
  11 goblins
  9 hobgoblins
  2 jackals (D:1)
  4 quokkas
  9 ball pythons
  7 frilled lizards
  25 kobolds
  7 rats
322 creatures vanquished.

Vanquished Creatures (collateral kills)
  A guardian serpent (Lair:2)
  A komodo dragon (Lair:1)
  A wraith (D:9)
  2 yaks (D:9)
  A hell hound (Lair:3)
  A gnoll sergeant (D:9)
  A hell rat (Lair:3)
  A gnoll (D:9)
9 creatures vanquished.

Vanquished Creatures (others)
  3 ancestors (D:9)
  3 hexers
  5 fungi
  14 plants
25 creatures vanquished.

Grand Total: 356 creatures vanquished

Notes
Turn   | Place    | Note
-------+----------+-------------------------------------------
     0 | D:1      | jimonade the Formicid Hunter began the quest for the Orb.
     0 | D:1      | Reached XP level 1. HP: 16/16 MP: 1/1
    85 | D:1      | Reached XP level 2. HP: 22/22 MP: 2/2
   106 | D:1      | Got the Grimoire of the Loathsome Figure
   208 | D:1      | Reached XP level 3. HP: 27/27 MP: 3/3
   284 | D:1      | Reached skill level 5 in Ranged Weapons
   702 | D:2      | Noticed Jessica
   709 | D:2      | Killed Jessica
   710 | D:2      | Reached XP level 4. HP: 33/33 MP: 4/4
   834 | D:2      | Noticed Natasha
   842 | D:2      | Killed Natasha
   843 | D:2      | Reached XP level 5. HP: 38/38 MP: 5/5
   851 | D:2      | Found Xoucem's Weapon Emporium.
   865 | D:2      | Reached skill level 6 in Ranged Weapons
  1132 | D:2      | Identified the +3 whip "Murmur" {venom, rF+ Int+7}
  1343 | D:2      | Noticed Natasha
  1351 | D:2      | Killed Natasha
  1352 | D:2      | Reached skill level 1 in Armour
  1462 | D:2      | Noticed Natasha
  1466 | D:2      | Killed Natasha
  1793 | D:3      | Reached XP level 6. HP: 42/44 MP: 6/6
  1875 | D:3      | Found a sparkling altar of Nemelex Xobeh.
  1983 | D:3      | Found a glowing drain.
  1987 | Sewer    | Entered a sewer
  2103 | Sewer    | Reached skill level 7 in Ranged Weapons
  2727 | D:3      | Reached XP level 7. HP: 50/50 MP: 7/7
  3213 | D:4      | Reached skill level 8 in Ranged Weapons
  3284 | D:4      | Noticed Sigmund
  3286 | D:4      | Killed Sigmund
  3321 | D:4      | Found a stormy altar of Qazlal.
  3378 | D:4      | Reached skill level 9 in Ranged Weapons
  3416 | D:4      | Reached XP level 8. HP: 56/56 MP: 8/8
  3952 | D:5      | Entered Level 5 of the Dungeon
  4162 | D:5      | Reached skill level 10 in Ranged Weapons
  4483 | D:6      | Found a glowing silver altar of Zin.
  4505 | D:6      | Reached skill level 11 in Ranged Weapons
  4505 | D:6      | Reached XP level 9. HP: 53/61 MP: 9/9
  5008 | D:6      | Found Zanah's Weapon Boutique.
  5266 | D:6      | Reached skill level 12 in Ranged Weapons
  5420 | D:7      | Found a flagged portal.
  5440 | Bailey   | Entered a bailey
  5791 | Bailey   | Noticed an orc knight
  5805 | D:7      | Reached skill level 13 in Ranged Weapons
  6064 | D:7      | Found an iron altar of Okawaru.
  6171 | D:7      | Reached XP level 10. HP: 67/67 MP: 10/10
  6216 | D:7      | Found a staircase to the Ecumenical Temple.
  6225 | Temple   | Entered the Ecumenical Temple
  6464 | Temple   | Became a worshipper of Hepliaklqana the Forgotten
  6527 | D:7      | Found Wuvoivod's Jewellery Shoppe.
  6757 | D:7      | Reached skill level 14 in Ranged Weapons
  7485 | D:8      | Found a staircase to the Lair.
  7529 | D:8      | Reached skill level 15 in Ranged Weapons
  8267 | D:9      | Reached * piety under Hepliaklqana
  8431 | D:9      | Reached XP level 11. HP: 64/64 MP: 11/11
  8526 | D:9      | Reached skill level 1 in Evocations
  8710 | D:9      | Reached skill level 16 in Ranged Weapons
  9143 | D:9      | Found a bloodstained altar of Trog.
  9143 | D:9      | Found a shimmering blue altar of Sif Muna.
  9144 | D:9      | Found an ornate altar of the Wu Jian Council.
  9147 | D:9      | Found a white marble altar of Elyvilon.
  9290 | D:9      | Noticed a two-headed ogre
  9302 | D:9      | Reached skill level 1 in Shields
  9303 | D:9      | Killed a two-headed ogre
  9348 | D:9      | Found a staircase to the Orcish Mines.
  9549 | Lair:1   | Entered Level 1 of the Lair of Beasts
  9549 | Lair:1   | Reached ** piety under Hepliaklqana
  9550 | Lair:1   | Remembered your ancestor Ancestor_001 as a hexer
 10102 | Lair:1   | Reached skill level 17 in Ranged Weapons
 10380 | Lair:2   | Identified the +3 hand axe of Agony {vorpal, *Slow Int+7}
 10443 | Lair:2   | Reached *** piety under Hepliaklqana
 10487 | Lair:2   | Reached XP level 12. HP: 70/70 MP: 12/12
 10657 | Lair:2   | Found a staircase to the Snake Pit.
 11140 | Lair:3   | Reached skill level 5 in Evocations
 11142 | Lair:3   | Reached skill level 18 in Ranged Weapons
 11143 | Lair:3   | Reached skill level 5 in Shields
 11672 | Lair:3   | Noticed an eight-headed hydra
 11685 | Lair:3   | Killed an eight-headed hydra
 11709 | Lair:3   | Slain by a wyvern

Illustrated notes

Levels and vault maps discovered:
D:1:      grunt_arrival_lava_bath, layout_basic
D:2:      layout_basic, serial_shops, nicolae_shop_competitors_out_of_business,
          uniq_natasha, uniq_jessica
D:3:      corexii_shack_village, layout_basic, nemelex_dance_club_becter,
          gup_sewer_entry_spiral, kennysheep_generic_room_5
D:4:      layout_gridville, mainiacjoe_overflow_catwalk, uniq_sigmund
D:5:      layout_cave_pools, bh_walls_and_bars
D:6:      layout_basic, nicolae_overflow_crystal_walls, serial_shops,
          nicolae_shop_bloodbath_and_beyond, sigmund_army
D:7:      minmay_angry_zag, layout_cave_pools, okawaru_trees_1,
          minmay_temple_entry_glass, serial_shops, shop, enter_bailey_4
D:8:      layout_cave_pods, erik_lair_island
D:9:      layout_loops_ring, minitemple, minmay_orc_entry_guard_dogs,
          minmay_misc_feat_five, minmay_misc_feat_cross,
          nicolae_concentric_dashed_squares_mild, hangedman_abyss_or_decor_stabs
Temple:   eino_temple_water
Lair:1:   layout_gridlike, hibernation_bobbens
Lair:2:   layout_roguey, minmay_snake_entry_spellcaster
Lair:3:   layout_gridlike, minmay_shoals_entry_hut, special_room
          [special_room_mythical_zoo]

Skill      XL: |  1  2  3  4  5  6  7  8  9 10 11 12 |
---------------+-------------------------------------+-----
Ranged Weapons | 5 6 7 9 11 13 15 17 18 | 18.0
Armour         | 1 |  1.7
Evocations     | 4 7 |  7.3
Shields        | 3 7 |  7.6
Fighting       | |  2.1
Dodging        | |  1.7
Stealth        | |  1.2

Action                   |  1- 3 |  4- 6 |  7- 9 | 10-12 || total
-------------------------+-------+-------+-------+-------++-------
 Fire: Shortbow          |    78 |    37 |       |       ||   115
       Arbalest          |       |   176 |   228 |   351 ||   755
Invok: Ancestor Life: He |       |       |       |     1 ||     1
       Ancestor Identity |       |       |       |     1 ||     1
Evoke: Lightning rod     |       |       |       |     2 ||     2
       Condenser vane    |       |       |       |     1 ||     1
  Use: Scroll            |       |     5 |     4 |     7 ||    16
Armor: Ring mail         |    12 |    36 |    22 |    65 ||   135
Dodge: Dodged            |    14 |    53 |   108 |   125 ||   300
Block: Kite shield       |       |       |       |    30 ||    30
